 Dungeon Crawl Stone Soup version 0.26-a0-739-gf55cbd344a (webtiles) character file.

Game seed: 10154583463207569101

107 SolusNox the Covered (level 4, 0/42 HPs)
             Began as a Deep Dwarf Fighter on Nov 5, 2020.
             Slain by a white imp (1 damage)
             ... summoned by Natasha
             ... on level 3 of the Dungeon.
             The game lasted 00:05:51 (938 turns).

SolusNox the Covered (Deep Dwarf Fighter)            Turns: 938, Time: 00:05:51

Health: 0/42       AC:  9    Str: 20    XL:     4   Next: 56%
Magic:  4/4        EV:  7    Int:  9    God:
Gold:   25         SH:  9    Dex: 12    Spells: 3/3 levels left

rFire    . . .     SeeInvis .   a - +0 war axe
rCold    . . .     Faith    .   c - +0 kite shield
rNeg     . . .     Spirit   .   b - +0 scale mail
rPois    .         Reflect  .   (no helmet)
rElec    .         Harm     .   j - +0 cloak
rCorr    .         Rampage  .   m - +0 pair of gloves
MR       .....                  (no boots)
Stlth    ..........             (no amulet)
HPRegen  0.00/turn              (no ring)
MPRegen  0.09/turn              (no ring)

@: non-regenerating
A: damage resistance, heal wounds, sense surroundings 1, no regeneration
a: Heal Wounds


You were on level 3 of the Dungeon.
You visited 1 branch of the dungeon, and saw 3 of its levels.

You collected 25 gold pieces.

Inventory:

Hand Weapons
 a - a +0 war axe (weapon)
Armour
 b - a +0 scale mail (worn)
 c - a +0 kite shield (worn)
 j - a +0 cloak (worn)
   (You found it on level 1 of the Dungeon)
 m - a +0 pair of gloves (worn)
   (You found it on level 3 of the Dungeon)
Scrolls
 e - a scroll of teleportation {unknown}
 g - a scroll of enchant armour {unknown}
 h - a scroll of identify {unknown}
 i - 2 scrolls of fear {unknown}
 l - a scroll of immolation {unknown}
 o - a scroll of blinking {unknown}
Potions
 d - a potion of might
 f - 3 potions of heal wounds {unknown}
 k - a potion of invisibility {unknown}
 n - a potion of attraction {unknown}


   Skills:
 + Level 3.2 Fighting
 * Level 3.8 Axes
 + Level 4.0 Armour
 + Level 3.9 Shields


You had 3 spell levels left.
You didn't know any spells.
Your spell library was empty.

Dungeon Overview and Level Annotations

Branches:
Dungeon (3/15)

Altars:
Fedhas
Kikubaaqudgha
Qazlal

Annotations:
D:3 Natasha


Innate Abilities, Weirdness & Mutations

You are resistant to damage.
You can heal yourself by infusing magical energy.
You passively map a small area around you.
You do not regenerate.


Message History

a +0 flail; a +0 leather armour; an orc corpse
Found a stone staircase leading down.
No target in view!
A dart slug comes into view.
The dart slug launches a dart at you. The slug dart hits you.
You take 5 damage, and have 22/42 hp.
You are too injured to fight recklessly!
You are too injured to fight recklessly!
You are too injured to fight recklessly!
You are too injured to fight recklessly!
Unknown command.
You are too injured to fight recklessly!
You are too injured to fight recklessly!
You are too injured to fight recklessly!
The dart slug launches a dart at you. You block the slug dart.
You slash the dart slug!
You kill the dart slug!
Found a stormy altar of Qazlal.
A giant cockroach comes into view.
Natasha, Servant of Life and Death comes into view.
You are too injured to fight recklessly!
Your scale mail prevents you from hitting the giant cockroach.
You block the giant cockroach's attack.
You slash the giant cockroach!
You kill the giant cockroach!
An orc comes into view.
The orc shouts!
Natasha claws you.
You slash Natasha! Natasha claws you.
You hit Natasha. Natasha claws you but does no damage.
You block Natasha's attack.
You closely miss Natasha. You closely miss the orc. You block the orc's attack.
You block Natasha's attack.
You completely miss Natasha. You hit the orc. You block the orc's attack.
Natasha mumbles some strange words.
You hit Natasha.
You kill Natasha!
Natasha screams in fury as she dies!
The white imp disappears in a puff of smoke!
You barely miss the orc. The orc barely misses you. You block the orc's attack.
You hit the orc.
You kill the orc!
Your Armour skill increases to level 4!
You see here a robe.
o - a scroll labeled ITOITZ MEAJ A bat comes into view.
You are too injured to fight recklessly!
You are too injured to fight recklessly!
You are too injured to fight recklessly!
The bat barely misses you. You block the bat's attack.
You block the bat's attack.
You hit the bat but do no damage. The bat barely misses you.
You block the bat's attack. You block the bat's attack.
You block the bat's attack. You block the bat's attack.
The bat barely misses you. The bat hits you but does no damage.
You block the bat's attack. The bat hits you. The bat barely misses you.
You hit the bat.
You kill the bat!
Natasha, Servant of Life and Death comes into view.
You block Natasha's attack.
You barely miss Natasha.
Natasha mumbles some strange words.
Natasha glows brightly for a moment.
Natasha casts a spell at you. The magic dart hits you.
You take 1 damage, and have 21/42 hp.
You hit Natasha but do no damage. You block Natasha's attack.
Natasha closely misses you.
You barely miss Natasha. Natasha claws you.
You take 3 damage, and have 18/42 hp.
You slash Natasha!
Natasha mumbles some strange words.
Natasha closely misses you.
You closely miss Natasha. You hit the white imp. Natasha barely misses you.
The white imp gestures at you. The puff of frost hits you.
You take 2 damage, and have 16/42 hp.
You closely miss Natasha. You barely miss the white imp.
Natasha claws you but does no damage.
The white imp hits you but does no damage.
Natasha casts a spell at you. You resist with some effort.
You closely miss Natasha. You hit the white imp but do no damage.
The white imp gestures at you. The puff of frost hits you!
* * * LOW HITPOINT WARNING * * *
Natasha hisses.
Natasha claws you!
* * * LOW HITPOINT WARNING * * *
The white imp hits you.
* * * LOW HITPOINT WARNING * * *
The white imp freezes you.
You die...

##.# #.........#.# ##
...# , *
#.........#.# #P ####
#######.###.# #. #
*.* #)##..####. #
*.##* * # #.##.###.##
..# , ..# #.#..##..##
# *#.#
#...##...#...#.. #
#.#
######......#.....( #
#.#
##5@h..............#
# #.#
##..######..........#
#####.#### #..##
#.......#...#
##.......# #.##
#.#####......
##[......# ##.#
#.#####...#.#
##.......# #..#
#.##.........
.........###.##
#####.##.#.#....#
#........#...#
#........#.#.....
##.......#.###
#.####.###.###...


You could see Natasha and a white imp (summoned).

Vanquished Creatures
  Natasha (twice) (D:3)
  A gnoll (D:1)
  An adder (D:3)
  3 dart slugs
  2 leopard geckos (D:1)
  2 orcs (D:3)
  6 bats
  A giant cockroach (D:3)
  2 goblins
  6 hobgoblins (D:1)
  A kobold (D:3)
  A ball python (D:1)
  2 frilled lizards (D:1)
  2 rats
32 creatures vanquished.

Notes
Turn   | Place    | Note
-------+----------+-------------------------------------------
     0 | D:1      | SolusNox the Deep Dwarf Fighter began the quest for the
                  | Orb.
     0 | D:1      | Reached XP level 1. HP: 20/20 MP: 1/1
    99 | D:1      | Reached XP level 2. HP: 14/27 MP: 2/2
   358 | D:1      | HP: 5/27 [gnoll (5)]
   364 | D:1      | Reached skill level 3 in Axes
   372 | D:1      | Reached XP level 3. HP: 24/33 MP: 3/3
   664 | D:2      | You fall into a shaft and drop 1 floor!
   666 | D:3      | Reached skill level 3 in Fighting
   699 | D:3      | Noticed Natasha
   708 | D:3      | Killed Natasha
   740 | D:3      | Found a blossoming altar of Fedhas.
   742 | D:3      | Found an ancient bone altar of Kikubaaqudgha.
   802 | D:3      | Reached XP level 4. HP: 27/42 MP: 4/4
   867 | D:3      | Found a stormy altar of Qazlal.
   867 | D:3      | Noticed an earth elemental
   868 | D:3      | Noticed a water elemental
   868 | D:3      | Noticed a fire elemental
   868 | D:3      | Noticed an air elemental
   883 | D:3      | Noticed Natasha
   892 | D:3      | Killed Natasha
   893 | D:3      | Reached skill level 4 in Armour
   930 | D:3      | Noticed Natasha
   938 | D:3      | HP: 9/42 [white imp/puff of frost[Natasha] (7)]
   938 | D:3      | HP: 3/42 [Natasha (6)]
   938 | D:3      | HP: 1/42 [white imp[Natasha] (2)]
   938 | D:3      | Slain by a white imp

Illustrated notes

Levels and vault maps discovered:
D:1:      matt_arrival_los_fun, layout_basic
D:2:      layout_loops_ring, nemelex_xobeh_ov_fountains_minmay
D:3:      layout_rooms, grunt_temple_overflow_growth_and_decay,
          nicolae_qazlal_style_of_elements, lemuel_round_altar, grunt_decor_cap,
          roderic_cross_of_infinity, uniq_natasha, uniq_ijyb, uniq_sigmund

Skill      XL: |  1  2  3  4 |
---------------+-------------+-----
Axes           | 3 |  3.8
Fighting       | 3 |  3.2
Armour         | 4 |  4.0
Shields        | |  3.9

Action                   |  1- 3 |  4- 6 || total
-------------------------+-------+-------++-------
Melee: War axe           |    95 |    25 ||   120
 Abil: Heal Wounds       |     1 |       ||     1
Armor: Scale mail        |    35 |     6 ||    41
Dodge: Dodged            |    30 |    11 ||    41
Block: Kite shield       |    54 |    18 ||    72

Table legend: (Time is in decaauts)
 A = Elapsed time spent in this place.
 B = Non-inter-level travel time spent in this place.
 C = Inter-level travel time spent in this place.
 D = Time resting spent in this place.
 E = Time spent auto-exploring this place.
 F = Levels seen in this place.
 G = Mean time per level.
                   A        B        C        D        E       F      G
               +--------+--------+--------+--------+--------+-----+--------+
         Total |    987 |    961 |     26 |      0 |    669 |   3 |  329.0 |
       Dungeon |    987 |    961 |     26 |      0 |    669 |   3 |  329.0 |
               +--------+--------+--------+--------+--------+-----+--------+

Top non-repeatable levels by time:
     D:1: 681 daAuts
     D:3: 294 daAuts
     D:2: 11 daAuts

Table legend:
 A = Kills in this place as a percentage of kills in entire the game.
 B = Kills by you in this place as a percentage of kills by you in the entire game.
 C = Kills by friends in this place as a percentage of kills by friends in the entire game.
 D = Other kills in this place as a percentage of other kills in the entire game.
 E = Experience gained in this place as a percentage of experience gained in the entire game.
 F = Experience gained in this place divided by the number of levels of this place that you have seen.
                   A       B       C       D       E      F
               +-------+-------+-------+-------+-------+----------------------
         Total | 100.0 | 100.0 |   N/A |   N/A | 100.0 |  51.0
       Dungeon | 100.0 | 100.0 |   N/A |   N/A | 100.0 |  51.0
               +-------+-------+-------+-------+-------+----------------------
